 Dungeon Crawl Stone Soup version 0.29.1-12-g30fa7ad0bf (webtiles) character file.

Game seed: 15113642226530403094

658 RapScallion the Covered (level 7, 0/53 HPs)
             Began as a Human Fighter on Jan 16, 2023.
             Slain by a gnoll sergeant
             ... wielding a +0 spear
              (3 damage)
             ... on level 5 of the Dungeon.
             The game lasted 00:20:11 (5696 turns).

RapScallion the Covered (Human Fighter)             Turns: 5696, Time: 00:20:12

Health: 0/53       AC:  9    Str: 24    XL:     7   Next: 85%
Magic:  0/2        EV: 10    Int:  8    God:
Gold:   262        SH:  5    Dex: 13    Spells: 6/6 levels left

rFire   . . .      SeeInvis .   j - +2 hand axe (antimagic)
rCold   . . .      Faith    .   c - +0 buckler
rNeg    . . .      Spirit   +   b - +0 scale mail
rPois   .          Reflect  .   (no helmet)
rElec   .          Harm     .   (no cloak)
rCorr   .          Rampage  .   (no gloves)
Will    .....                   p - +1 pair of boots
Stlth   ..........              n - amulet of guardian spirit
HPRegen 0.17/turn               h - ring of flight
MPRegen 0.08/turn               q - +6 ring of strength

@: flying
A: no striking features
a: no special abilities


You were on level 5 of the Dungeon.
You visited 1 branch of the dungeon, and saw 5 of its levels.

You collected 262 gold pieces.

Inventory:

Hand Weapons
 a - a +0 long sword
 j - a +2 antimagic hand axe (weapon)
Missiles
 k - a throwing net (quivered)
 o - a poisoned dart
Armour
 b - a +0 scale mail (worn)
 c - a +0 buckler (worn)
 p - a +1 pair of boots (worn)
Jewellery
 h - a ring of flight (left hand)
 n - an amulet of guardian spirit (around neck)
 q - a +6 ring of strength (right hand)
Potions
 d - a potion of might
 e - 2 potions of brilliance {unknown}
 f - 3 potions of curing
 g - 2 potions of attraction {unknown}
 i - a potion of cancellation {unknown}
 l - a potion of heal wounds
 m - a potion of lignification {unknown}
 s - a potion of haste {unknown}


   Skills:
 + Level 3.9 Fighting
 + Level 2.5 Long Blades
 + Level 4.0 Axes
 + Level 0.1 Throwing
 + Level 5.7 Armour
 + Level 2.0 Dodging
 + Level 0.2 Stealth
 + Level 3.8 Shields


You had 6 spell levels left.
You didn't know any spells.
Your spell library contained the following spells:

 Spells                   Type           Power      Damage    Failure   Level
 Ensorcelled Hibernation  Hex/Ice        0%         N/A       89%         2
 Ozocubu's Armour         Ice            0%         N/A       98%         3
 Spider Form              Tmut/Pois      0%         N/A       98%         3
 Anguish                  Hex/Necr       0%         N/A       100%        4
 Metabolic Englaciation   Hex/Ice        0%         N/A       100%        5
 Simulacrum               Ice/Necr       0%         N/A       100%        6


Dungeon Overview and Level Annotations

Branches:
Dungeon (5/15)
 Temple: D:4-7

Altars:
Hepliaklqana
Kikubaaqudgha
Sif Muna
Trog
Vehumet

Annotations:
D:5 2 transporters, cheesebisquit's ghost, amateur MiHu


Message History

The gnoll hits you but does no damage. You block the gnoll sergeant's attack.
You hit the gnoll.
You kill the gnoll!
An ogre comes into view. It is wielding a +0 giant club.
The gnoll sergeant hits you from afar with a +0 spear.
You closely miss the gnoll.
The gnoll is almost dead.
The gnoll hits you with a +0 club.
The gnoll sergeant hits you from afar with a +0 spear.
* * * LOW HITPOINT WARNING * * *
You slash the gnoll!
You kill the gnoll!
The gnoll sergeant closely misses you.
Your Axes skill increases to level 4!
You feel much better.
The gnoll sergeant hits you from afar with a +0 spear!
You block the gnoll sergeant's attack. The gnoll sergeant blocks your attack.
The gnoll hits you from afar with a +0 spear.
The gnoll sergeant closely misses you. The gnoll sergeant blocks your attack.
The gnoll hits you from afar with a +0 spear.
* * * LOW HITPOINT WARNING * * *
The gnoll sergeant hits you with a +0 spear!
* * * LOW HITPOINT WARNING * * *
The gnoll barely misses you.
The gnoll sergeant hits you but does no damage.
You slash the gnoll sergeant!
The gnoll sergeant is moderately wounded.
The gnoll barely misses you.
The gnoll sergeant hits you with a +0 spear!
* * * LOW HITPOINT WARNING * * *
The gnoll sergeant blocks your attack.
The gnoll sergeant is moderately wounded.
The gnoll hits you but does no damage. The gnoll sergeant barely misses you.
The gnoll sergeant blocks your attack.
The gnoll sergeant is moderately wounded.
The gnoll barely misses you.
The gnoll sergeant hits you with a +0 spear.
You die...

######
#......
###...# #)O.#
#)#g..#
#.##.##
##########g#
.#
#.......@gO#
#
#.##########
#.# #.# #.#
##.## ##...##
######.....#
##.†........#


You could see an ogre, a gnoll sergeant and a gnoll.

Vanquished Creatures
  A black bear (D:4)
  A centaur (D:5)
  A necrophage (D:4)
  A hound (D:5)
  3 orc priests
  5 orc wizards
  5 adders
  3 gnolls (D:5)
  An ufetubus (D:4)
  4 worms
  3 dart slugs
  3 orcs
  12 bats
  12 endoplasms
  2 giant cockroaches
  9 hobgoblins
  4 jackals
  5 kobolds
  6 quokkas
  5 ball pythons
  A frilled lizard (D:2)
  2 goblins (D:3)
  7 rats
96 creatures vanquished.

Notes
Turn   | Place    | Note
-------+----------+-------------------------------------------
     0 | D:1      | RapScallion the Human Fighter began the quest for the Orb.
     0 | D:1      | Reached XP level 1. HP: 18/18 MP: 1/1
   184 | D:1      | Reached XP level 2. HP: 19/24 MP: 2/2
   577 | D:1      | Found a faded altar of an unknown god.
   630 | D:1      | Reached XP level 3. HP: 25/29 MP: 1/3
   642 | D:1      | HP: 1/29 [worm (8)]
  1729 | D:2      | Reached skill level 1 in Axes
  1729 | D:2      | Reached XP level 4. HP: 25/35 MP: 1/4
  2243 | D:2      | Reached XP level 5. HP: 36/41 MP: 1/5
  2819 | D:3      | Reached skill level 1 in Dodging
  2845 | D:3      | Reached skill level 4 in Armour
  3211 | D:3      | Reached XP level 6. HP: 37/48 MP: 2/6
  3636 | D:3      | Found a bloodstained altar of Trog.
  4063 | D:4      | Found an ancient bone altar of Kikubaaqudgha.
  4076 | D:4      | Found a shimmering blue altar of Sif Muna.
  4138 | D:4      | Found a radiant altar of Vehumet.
  4542 | D:4      | Reached XP level 7. HP: 47/53 MP: 2/7
  4628 | D:4      | Reached skill level 5 in Armour
  4949 | D:4      | Found a hazy altar of Hepliaklqana.
  5086 | D:5      | Entered Level 5 of the Dungeon
  5272 | D:5      | Found a transporter.
  5274 | D:5      | Noticed cheesebisquit's ghost (amateur MiHu)
  5469 | D:5      | Found a transporter.
  5696 | D:5      | Slain by a gnoll sergeant

Illustrated notes

Levels and vault maps discovered:
D:1:      heliophobic_arrival_battle_scene, layout_loops_ring,
          dreamdust_ecumenical_altar_angels_and_demons, minmay_misc_feat_alley,
          minmay_misc_feat_more_columns, nicolae_wormholes
D:2:      layout_rooms, grunt_ministairs_10
D:3:      layout_basic, trog_three_pillars_becter
D:4:      layout_loops_ring, palyth_temple_overflow_mages,
          mainiacjoe_overflow_surrounded_room
D:5:      layout_loops_ring, gammafunk_ghost_arena

Skill      XL: |  1  2  3  4  5  6  7 |
---------------+----------------------+-----
Axes           | 1 2 4 |  4.0
Dodging        | 1 2 |  2.0
Armour         | 4 5 |  5.7
Fighting       | |  3.9
Long Blades    | |  2.5
Throwing       | |  0.1
Stealth        | |  0.2
Shields        | |  3.8

Action                   |  1- 3 |  4- 6 |  7- 9 || total
-------------------------+-------+-------+-------++-------
Melee: Long sword        |    55 |       |       ||    55
       Hand axe          |    74 |   180 |    90 ||   344
Throw: Dart              |       |       |     2 ||     2
  Use: Scroll            |       |     7 |     1 ||     8
       Potion            |       |       |     2 ||     2
Armor: Scale mail        |    73 |    98 |    58 ||   229
Dodge: Dodged            |    61 |    92 |    50 ||   203
Block: Buckler           |    21 |    37 |    42 ||   100
